 Dungeon Crawl Stone Soup version 0.25-a0-294-gea9b1ad378 (webtiles) character file.

Game seed: 6999977405178928139, levelgen mode: deterministic

1229 MoonlitKnight the Slinger (level 8, 0/54 HPs)
             Began as a Halfling Hunter on Dec 17, 2019.
             Was an Initiate of Ashenzari.
             Succumbed to a killer bee's poison
             ... on level 7 of the Dungeon.
             The game lasted 00:14:46 (6952 turns).

MoonlitKnight the Slinger (Halfling Hunter)         Turns: 6952, Time: 00:14:47

Health: 0/54       AC:  8    Str: 10 (13) XL:     8   Next: 77%
Magic:  5/17       EV: 13    Int:  7 (9)  God:    Ashenzari [......]
Gold:   382        SH:  0    Dex: 17 (20) Spells: 7/7 levels left

rFire    . . .     SeeInvis .   b - +2 whip (freeze)
rCold    . . .     Gourm    .   (shield restricted)
rNeg     . . .     Faith    .   x - +0 scale mail
rPois    .         Spirit   +   (no helmet)
rElec    .         Reflect  .   E - scarf {Spirit}
rCorr    .         Harm     .   n - +1 pair of gloves
MR       .....                  (no boots)
Stlth    ++........             (no amulet)
HPRegen  0.18/turn              h - ring of magical power
MPRegen  0.15/turn              l - +3 ring of dexterity

@: lethally poisoned (0 -> -14)
A: small, mutation resistance 1
a: Curse Item, Renounce Religion


You were on level 7 of the Dungeon.
You worshipped Ashenzari.
Ashenzari was noncommittal.
You were not hungry.

You visited 1 branch of the dungeon, and saw 7 of its levels.

You collected 382 gold pieces.

Inventory:

Hand Weapons
 a - a +1 hunting sling
 b - a +2 whip of freezing (weapon)
 k - a +0 short sword
Missiles
 d - 13 sling bullets
 g - 256 stones
 F - a poisoned dart (quivered)
Armour
 n - a +1 pair of gloves (worn)
 s - a +0 ring mail
 x - a +0 scale mail (worn)
 E - a scarf of spirit shield (worn)
Jewellery
 h - a ring of magical power (left hand)
 l - a +3 ring of dexterity (right hand)
 C - an uncursed amulet of guardian spirit
Wands
 D - a wand of paralysis (9)
Scrolls
 i - a scroll of enchant armour
 j - a scroll of magic mapping {unknown}
 m - 2 scrolls of teleportation
 q - 4 scrolls of remove curse
 t - 3 scrolls of random uselessness {unknown}
 u - 3 scrolls of immolation {unknown}
 v - a scroll of blinking {unknown}
 w - 4 scrolls of enchant weapon {unknown}
 y - 2 scrolls of fog {unknown}
 A - a scroll of fear {unknown}
Potions
 e - a potion of mutation
 o - 2 potions of resistance
 p - 3 potions of flight
 r - a potion of magic {unknown}
 z - 2 potions of heal wounds {unknown}
 B - 3 potions of cancellation
 G - a potion of invisibility
Comestibles
 f - 10 rations


   Skills:
 + Level 4.3 Fighting
 * Level 10.5 Slings
 + Level 5.2 Dodging
 + Level 5.3 Stealth


You had 7 spell levels left.
You didn't know any spells.
Your spell library contained the following spells:

 Spells                   Type           Power        Failure   Level  Hunger
 Freeze                   Ice            #...         98%         1    ##.....
 Ozocubu's Armour         Chrm/Ice       #.......     100%        3    ####...
 Hailstorm                Conj/Ice       #.......     100%        4    #####..
 Summon Ice Beast         Ice/Summ       #.......     100%        4    #####..


Dungeon Overview and Level Annotations

Branches:
Dungeon (7/15)             Temple (0/1) D:6

Altars:
Ashenzari
Kikubaaqudgha
Okawaru
Uskayaw


Innate Abilities, Weirdness & Mutations

You are small and have problems with some larger weapons.
You are somewhat resistant to further mutation.


Message History

You miss the killer bee.
The killer bee is almost dead.
* * * LOW HITPOINT WARNING * * *
You feel sick. The killer bee closely misses you. x2
Unknown command.
You barely miss the killer bee.
The killer bee is almost dead.
* * * LOW HITPOINT WARNING * * *
You feel sick. The killer bee misses you.
The killer bee stings you but does no damage.
You closely miss the killer bee.
The killer bee is almost dead.
* * * LOW HITPOINT WARNING * * *
You feel sick.
The killer bee stings you but does no damage. x2
The killer bee stings you.
It was a potion of degeneration.
There was something very wrong with that liquid.
You feel weakened.
You feel dopey.
You feel clumsy.
You die...

.(# #.# #.# #(# #.#
####.####
#############...y...#
....#.........##@#
....#.........##.#
....#......(.....#
....#)........####
...<#...........
....#..<......##.
...........#### #
.....####### .....#


You could see a killer bee.

Vanquished Creatures
  Pikel (D:6)
  3 slaves (D:6)
  An orc warrior (D:6)
  An ogre (D:6)
  A bullfrog (D:6)
  2 scorpions
  A crimson imp (D:5)
  A bullfrog zombie (D:5)
  A hound (D:4)
  A bullfrog skeleton (D:5)
  An iguana (D:4)
  Natasha (D:3)
  3 worker ants (D:5)
  4 adders
  A river rat (D:6)
  3 oozes
  An adder zombie (D:5)
  2 worms
  8 dart slugs (D:4)
  6 leopard geckos
  13 orcs
  8 giant cockroaches
  10 goblins
  7 hobgoblins
  4 jackals (D:5)
  A ball python skeleton (D:5)
  9 bats
  7 frilled lizards
  17 kobolds
  4 rats
123 creatures vanquished.

Vanquished Creatures (others)
  Natasha (D:3)
1 creature vanquished.

Grand Total: 124 creatures vanquished

Notes
Turn   | Place    | Note
-------+----------+-------------------------------------------
     0 | D:1      | MoonlitKnight the Halfling Hunter began the quest for the
                  | Orb.
     0 | D:1      | Reached XP level 1. HP: 14/14 MP: 1/1
    98 | D:1      | Reached skill level 6 in Slings
   412 | D:1      | Reached XP level 2. HP: 11/19 MP: 2/2
   447 | D:1      | Reached XP level 3. HP: 16/24 MP: 3/3
  1520 | D:2      | Reached XP level 4. HP: 29/29 MP: 4/4
  1524 | D:2      | Found a faded altar of an unknown god.
  1550 | D:2      | Found a hide-covered altar of Uskayaw.
  1904 | D:2      | Found an ancient bone altar of Kikubaaqudgha.
  2193 | D:2      | Reached skill level 7 in Slings
  2329 | D:3      | Killed Natasha
  2402 | D:3      | Reached XP level 5. HP: 26/35 MP: 5/5
  2574 | D:3      | Noticed Natasha
  2583 | D:3      | Killed Natasha
  2955 | D:4      | Reached XP level 6. HP: 11/41 MP: 6/6
  3660 | D:4      | Reached skill level 8 in Slings
  3878 | D:4      | Found an iron altar of Okawaru.
  4273 | D:5      | Entered Level 5 of the Dungeon
  4329 | D:5      | Reached XP level 7. HP: 5/46 MP: 7/7
  5771 | D:6      | Found a shattered altar of Ashenzari.
  5782 | D:6      | Noticed Pikel
  6148 | D:6      | Reached skill level 9 in Slings
  6180 | D:6      | Found a staircase to the Ecumenical Temple.
  6246 | D:6      | Became a worshipper of Ashenzari the Shackled
  6294 | D:6      | Reached XP level 8. HP: 18/54 MP: 5/8
  6542 | D:6      | Killed Pikel
  6542 | D:6      | Reached skill level 10 in Slings
  6542 | D:6      | Reached skill level 5 in Dodging
  6542 | D:6      | Reached skill level 5 in Stealth
  6951 | D:7      | HP: 2/54 [poisoned by a killer bee]
  6952 | D:7      | Succumbed to a killer bee's poison

Levels and vault maps discovered:
D:1:      nagdon_arrival_zigzag_paths, layout_loops_ring, minmay_tiny_reverse_x
D:2:      layout_basic, eat_drink_and_be_merry_uskayaw,
          nicolae_overflow_crystal_walls, chequers_ecumenical_altar_simple_redux
D:3:      layout_rooms, first_ration, lemuel_old_faithful, uniq_natasha
D:4:      kennysheep_slugbush, layout_cave_pods, okawaru_metal_pillars_3
D:5:      layout_basic
D:6:      wander_river, layout_loops_ring, cheibrodos_ashenzari_chains,
          minmay_temple_entry_glass, gup_sewer_entry_bubbles, uniq_pikel
D:7:      layout_basic, marbit_many_paths

Skill      XL: |  1  2  3  4  5  6  7  8 |
---------------+-------------------------+-----
Slings         | 6 7 8 9 10 | 10.5
Fighting       | 2 3 4 |  4.3
Stealth        | 2 3 4 5 |  5.3
Dodging        | 3 4 5 |  5.2

Action                   |  1- 3 |  4- 6 |  7- 9 || total
-------------------------+-------+-------+-------++-------
Melee: Short sword       |   132 |    55 |    50 ||   237
       Whip              |       |       |    15 ||    15
 Fire: Hunting sling     |    13 |   170 |   239 ||   422
Throw: Dart              |       |     1 |     4 ||     5
       Stone             |       |       |     1 ||     1
  Use: Potion            |       |     1 |     2 ||     3
       Scroll            |       |       |     7 ||     7
 Stab: Sleeping          |     1 |       |       ||     1
  Eat: Chunk             |     2 |     7 |     3 ||    12
       Ration            |       |       |     2 ||     2
Armor: Leather armour    |    28 |     4 |       ||    32
       Ring mail         |       |     5 |       ||     5
       Scale mail        |       |    21 |    40 ||    61
Dodge: Dodged            |   106 |    80 |   113 ||   299

Table legend:
 A = Non-vault XP
 B = Vault XP
 C = Vault XP percentage of total XP
 D = Non-vault monster count
 E = Vault monster count
 F = Vault count percentage of total count
                 A         B        C        D         E       F
            +---------+---------+-------+---------+---------+-------
      Total |    1053 |     704 |  40.1 |     102 |      18 |  15.0
            +---------+---------+-------+---------+---------+-------
        D:1 |      59 |       3 |   4.8 |      31 |       2 |   6.1
        D:2 |      64 |       0 |   0.0 |      17 |       0 |   0.0
        D:3 |      72 |       0 |   0.0 |      18 |       0 |   0.0
        D:4 |     187 |      32 |  14.6 |      10 |       8 |  44.4
        D:5 |     270 |       0 |   0.0 |      19 |       0 |   0.0
        D:6 |     339 |     669 |  66.4 |       6 |       8 |  57.1
        D:7 |      62 |       0 |   0.0 |       1 |       0 |   0.0
            +---------+---------+-------+---------+---------+-------
